 Dungeon Crawl Stone Soup version 0.29.0-5-ge4962eb29e (console) character file.

Game seed: 14463198034145926619

10668 odiv the Fighter (level 11, 0/80 HPs)
             Began as a Demonspawn Wanderer on Aug 29, 2022.
             Was a High Priest of Hepliaklqana.
             Slain by a black mamba (13 damage)
             ... on level 1 of the Lair of Beasts.
             The game lasted 00:53:32 (15446 turns).

odiv the Fighter (Demonspawn Wanderer)             Turns: 15446, Time: 00:53:32

Health: 0/80       AC: 14    Str: 19    XL:     11   Next: 39%
Magic:  15/16      EV: 11    Int: 12    God:    Hepliaklqana [*****.]
Gold:   52         SH:  6    Dex: 18    Spells: 11/12 levels left

rFire   + . .      SeeInvis .   b - +3 flail (protect)
rCold   + + .      Faith    +   R - +0 buckler
rNeg    . . .      Spirit   .   U - +2 robe {rC+ rF+}
rPois   .          Reflect  .   (helmet currently unavailable)
rElec   .          Harm     .   E - scarf {shadows}
rCorr   .          Rampage  .   (no gloves)
Will    .....                   (boots currently unavailable)
Stlth   ++++......              M - amulet of faith
HPRegen 0.23/turn               B - +6 ring of strength
MPRegen 0.15/turn               t - ring of protection from cold

@: lethally poisoned (0 -> -24), appendages (expiring), marked, under a
protective aura
A: talons 2, reduced essence, horns 2, icy blue scales 2, demonic guardian 2,
foul stench 3
a: End Transformation, Renounce Religion, Recall Ancestor, Ancestor Identity,
Transference, Idealise


You were on level 1 of the Lair of Beasts.
You worshipped Hepliaklqana.
Hepliaklqana was extremely pleased with you.
You had temporarily grown beastly talons.
You visited 3 branches of the dungeon, and saw 14 of its levels.
You visited 1 bazaar.

You collected 674 gold pieces.
You spent 622 gold pieces at shops.

Inventory:

Hand Weapons
 a - a +2 dagger of venom
 b - a +3 flail of protection (weapon)
 d - a +5 long sword
 f - a +1 vorpal long sword
 A - a +0 vorpal shortbow
 D - a +1 morningstar of protection
 G - the +10 whip of Trial by Ordeal {distort, rN+}
   (You found it on level 10 of the Dungeon)

   It warps and distorts space around it, and may blink, banish, or inflict
   extra damage upon those it strikes.
   Unwielding it can cause banishment or high damage.
   rN:        It protects you from negative energy.
 P - a +0 rapier
 Q - a +2 spear of venom
 W - a +1 whip of venom
Missiles
 i - 24 poisoned darts
 I - 3 atropa-tipped darts
 V - 4 boomerangs
Armour
 u - a +0 kite shield
 E - a scarf of shadows (worn)
 R - a +0 buckler (worn)
 U - a +2 robe of resistance (worn)
Jewellery
 t - a ring of protection from cold (right hand)
 B - a +6 ring of strength (left hand)
 M - an amulet of faith (around neck)
Wands
 h - a wand of flame (14) (quivered)
 J - a wand of roots (7)
 K - a wand of quicksilver (9)
Scrolls
 c - 2 scrolls of teleportation
 e - a scroll of enchant armour
 j - a scroll of acquirement {unknown}
 l - 2 scrolls of immolation
 n - a scroll of identify
 o - 4 scrolls of vulnerability
 p - a scroll of torment
 q - 5 scrolls of blinking
 v - a scroll of fear {unknown}
 w - a scroll of amnesia
 y - a scroll of enchant weapon
 N - a scroll of summoning {unknown}
 S - a scroll of brand weapon {unknown}
 T - 4 scrolls of fog
 X - a scroll of poison {unknown}
Potions
 g - 2 potions of might
 k - 5 potions of haste
 m - 2 potions of cancellation
 r - 2 potions of flight
 s - 5 potions of curing
 x - 2 potions of brilliance
 z - a potion of invisibility
 C - 7 potions of heal wounds
 F - a potion of lignification
 H - 2 potions of resistance
 L - 4 potions of degeneration {unknown}
 O - a potion of mutation {unknown}


   Skills:
 - Level 9.5 Fighting
 + Level 9.3(9.5) Short Blades
 - Level 2.6(6.5) Long Blades
 - Level 1.0 Dodging
 - Level 8.8 Stealth
 - Level 5.0 Shields
 - Level 1.0 Spellcasting
 - Level 1.0 Transmutations
 + Level 6.8 Invocations
 - Level 3.0 Evocations


You had 11 spell levels left.
You knew the following spells:

 Your Spells              Type           Power      Damage    Failure   Level
a - Beastly Appendage     Tmut           6%         N/A       26%         1

Your spell library contained the following spells:

 Spells                   Type           Power      Damage    Failure   Level
 Apportation              Tloc           0%         N/A       36%         1
 Necrotise                Necr           0%         1d4       36%         1
 Summon Small Mammal      Summ           0%         N/A       36%         1
 Ignite Poison            Fire/Tmut/Pois 1%         N/A       71%         3
 Ozocubu's Armour         Ice            0%         N/A       75%         3
 Summon Guardian Golem    Hex/Summ       0%         N/A       75%         3
 Orb of Destruction       Conj           0%         9d5       100%        7
 Ozocubu's Refrigeration  Ice            0%         4d7       100%        7
 Spellforged Servitor     Conj/Summ      0%         N/A       100%        7


Dungeon Overview and Level Annotations

Branches:
Dungeon (12/15)            Temple (1/1) D:5            Lair (1/5) D:11
    Orc (0/2) D:10

Altars:
Ashenzari
Cheibriados
Fedhas
Gozag
Hepliaklqana
Makhleb
Okawaru
Qazlal
Trog
Uskayaw
Vehumet
Wu Jian
Xom

Shops:
D:3 !   D:8 [=(=[

Annotations:
D:7 3 runed translucent doors, Godmorgon's ghost, novice PaFi; Kordrann's ghost, novice DsAK; Mahakala's ghost, novice GrMo; snackwell's ghost, novice TrGl
D:8 1 exclusion
D:10 exclusions: acid dragon, centaur warrior and yaktaur


Innate Abilities, Weirdness & Mutations

You have temporarily grown beastly talons.
Your life essence is reduced to manifest your ancestor. (-10% HP)
You have a pair of horns on your head.
You are mostly covered in icy blue scales. (AC +3)
A demonic guardian rushes to your aid.
You frequently emit foul miasma when damaged in melee.


Message History

The wolf bites Mirko.
The black mamba misses you.
The wolf closely misses Mirko.
Mirko gestures at the wolf while chanting.
The wolf seems to slow down.
Unknown command.
You completely miss the black mamba. The black mamba bites you.
The wolf closely misses Mirko.
The wolf bites Mirko.
The wolf bites your hellwing.
Mirko hits the wolf with a +0 dagger of draining.
Unknown command.
You miss the black mamba. You claw the black mamba.
The black mamba is lightly wounded.
The black mamba bites you!
A demonic guardian appears!
You are poisoned.
The black mamba poisons you!
Your hellwing hits the black mamba!
Your hellwing hits the black mamba but does no damage.
The wolf closely misses Mirko.
The wolf bites your hellwing but does no damage.
Mirko hits the wolf with a +0 dagger of draining!
The wolf dies!
Your +2 dagger of venom stops dripping with poison.
Your +3 flail of protection hums with potential!
b - a +3 flail of protection (weapon)
You feel very sick. The black mamba bites you!
You are lethally poisoned!
The black mamba poisons you! The wolf bites your hellwing!
The wolf closely misses Mirko.
Mirko hits the wolf with a +0 dagger of draining.
Mirko drains the wolf.
The wolf dies!
You sock the black mamba!
Your weapon exudes an aura of protection.
Your kick misses the black mamba.
The black mamba is severely wounded.
* * * LOW HITPOINT WARNING * * *
You feel extremely sick.
A black mamba comes into view.
The black mamba bites you!
You die...

###...#...... #..
.......#.##.###...
...(....S.........
..................
...........R†.....
.........<..kh....
........###°h####
##......##S4##.#
...#....##.3@..##
..(#....##......#
........##.....##
...#....##......#
...#....####.#.##
.. #.....###.#.#..
#...............
#...............
......[..........


You could see the friendly Mirko the hexer, 2 black mambas, a rime drake, 2
wolves, a friendly sun demon (summoned) and a friendly hellwing (summoned).

Vanquished Creatures
  A two-headed ogre (D:10)
  Maggie (D:7)
  A troll (D:11)
  A shadow (D:11)
  A wraith (D:10)
  9 yaks
  A steam dragon (D:10)
  3 vampire mosquitoes
  2 acid dragons
  A sky beast (D:8)
  An ogre (D:6)
  4 wolves
  3 centaurs
  2 kobold brigands
  A necrophage (D:5)
  3 scorpions
  6 wights
  3 killer bees (D:9)
  5 electric eels
  2 howler monkeys (D:11)
  2 hounds
  4 jellies
  A gnoll bouda (D:5)
  3 orc priests
  An iguana (D:6)
  3 orc wizards
  3 gnolls
  A hexer (D:7)
  2 adders (D:4)
  A shadow imp (D:5)
  A white imp (D:8)
  An ufetubus (D:3)
  2 dart slugs
  20 orcs
  A ball python (D:1)
  4 endoplasms
  3 hobgoblins
  3 jackals (D:1)
  A quokka (D:4)
  2 bats
  2 hobgoblin zombies (D:8)
  8 kobolds
  An orc skeleton (D:8)
  An orc zombie (D:8)
  A rat (D:3)
123 creatures vanquished.

Vanquished Creatures (collateral kills)
  A boulder beetle (D:11)
  A two-headed ogre (D:11)
  A manticore (D:11)
  A cyclops (D:11)
  A gargoyle (D:11)
  Prince Ribbit (D:5)
  2 wyverns (D:9)
  6 yaks
  Edmund (D:4)
  A steam dragon (D:8)
  A water moccasin (D:7)
  An acid dragon (D:11)
  An ice beast (D:6)
  An orc warrior (D:8)
  3 wolves (Lair:1)
  A gnoll sergeant (D:8)
  A scorpion (D:5)
  A wight (D:8)
  A killer bee (D:9)
  A jelly (D:4)
  2 orc priests
  3 hounds
  2 iguanas
  5 gnolls
  2 ufetubi
  A worm (D:3)
  A dart slug (D:1)
  10 orcs
  A giant cockroach (D:4)
  2 hobgoblins
  A quokka (D:4)
  3 ball pythons
  2 goblin skeletons (D:8)
  3 kobolds
  A kobold zombie (D:8)
  An orc zombie (D:8)
68 creatures vanquished.

Vanquished Creatures (others)
  7 hexers
  A fungus (Lair:1)
  2 plants (D:8)
  2 withered plants (D:7)
12 creatures vanquished.

Grand Total: 203 creatures vanquished

Notes
Turn   | Place    | Note
-------+----------+-------------------------------------------
     0 | D:1      | odiv the Demonspawn Wanderer began the quest for the Orb.
     0 | D:1      | odiv set off with the following items: a +0 long sword, a
                  | wand of flame (6), a scroll of teleportation, a +0 robe;
                  | and the following spell memorised: Beastly Appendage; and
                  | the following spells available to memorise: Ignite Poison.
     0 | D:1      | Reached XP level 1. HP: 13/13 MP: 2/2
   249 | D:1      | Reached skill level 1 in Fighting
   573 | D:1      | Found a faded altar of an unknown god.
   591 | D:1      | Prayed at the altar of an unknown god.
   591 | D:1      | Became a worshipper of Hepliaklqana the Forgotten
   591 | D:1      | Reached * piety under Hepliaklqana
   746 | D:1      | Gained mutation: A weak demonic guardian rushes to your
                  | aid. [demonic ancestry]
   746 | D:1      | Reached XP level 2. HP: 17/19 MP: 3/3
  1136 | D:2      | You fall into a shaft and drop 2 floors!
  1401 | D:4      | Reached XP level 3. HP: 16/25 MP: 2/4
  1633 | D:4      | Noticed Edmund
  2028 | D:3      | Reached ** piety under Hepliaklqana
  2151 | D:3      | Remembered your ancestor Mirko as a hexer
  2360 | D:3      | Found Zirou's Distillery.
  2372 | D:3      | Bought a potion of curing for 30 gold pieces
  2924 | D:3      | Bought a potion of might for 40 gold pieces
  2963 | D:4      | Noticed a scorpion
  2980 | D:4      | Killed a scorpion
  2981 | D:4      | Mutation became permanent: You have a pair of small horns
                  | on your head. [demonic ancestry]
  2981 | D:4      | Gained mutation: You have a pair of horns on your head.
                  | [demonic ancestry]
  2981 | D:4      | Reached XP level 4. HP: 17/34 MP: 3/5
  3276 | D:4      | Killed Edmund
  3277 | D:4      | Reached skill level 5 in Fighting
  3277 | D:4      | Gained mutation: You have a pair of horns on your head.
                  | [demonic ancestry]
  3277 | D:4      | Reached XP level 5. HP: 22/41 MP: 6/6
  3451 | D:4      | Gained mutation: You are partially covered in icy blue
                  | scales. (AC +2) [demonic ancestry]
  3451 | D:4      | Reached XP level 6. HP: 31/46 MP: 4/7
  3999 | D:5      | Entered Level 5 of the Dungeon
  4261 | D:5      | Gained mutation: A demonic guardian rushes to your aid.
                  | [demonic ancestry]
  4261 | D:5      | Reached XP level 7. HP: 54/54 MP: 6/8
  4659 | D:3      | Bought a potion of heal wounds for 50 gold pieces
  4949 | D:5      | Found a staircase to the Ecumenical Temple.
  4975 | Temple   | Entered the Ecumenical Temple
  5306 | D:5      | Noticed Prince Ribbit
  5330 | D:5      | Killed Prince Ribbit
  5830 | D:6      | Gained mutation: You may rarely emit foul miasma when
                  | damaged in melee. [demonic ancestry]
  5830 | D:6      | Reached XP level 8. HP: 46/63 MP: 9/9
  5939 | D:6      | Reached *** piety under Hepliaklqana
  6020 | D:6      | Found a radiant altar of Vehumet.
  6020 | D:6      | Found a bloodstained altar of Trog.
  6153 | D:3      | Bought a potion of resistance for 100 gold pieces
  6333 | D:6      | Reached skill level 1 in Short Blades
  7311 | D:7      | Noticed Maggie
  7456 | D:3      | Bought a potion of haste for 100 gold pieces
  7954 | D:7      | Reached **** piety under Hepliaklqana
  7956 | D:7      | Found a runed translucent gate.
  7957 | D:7      | Found a runed translucent gate.
  7957 | D:7      | Found a runed translucent gate.
  7958 | D:7      | Noticed Mahakala's ghost (novice GrMo)
  7958 | D:7      | Noticed snackwell's ghost (novice TrGl)
  7959 | D:7      | Noticed Kordrann's ghost (novice DsAK)
  7959 | D:7      | Noticed Godmorgon's ghost (novice PaFi)
  7970 | D:7      | Found an iron altar of Okawaru.
  8054 | D:8      | Found Babimiosk's Weapon Shoppe.
  8130 | D:8      | Found Faih's Jewellery Shoppe.
  8286 | D:8      | Found Nuipsud's Antique Armour Shoppe.
  8803 | D:7      | Reached skill level 1 in Shields
  9103 | D:8      | Found Alomaow's Jewellery Emporium.
  9128 | D:8      | Gained mutation: You are mostly covered in icy blue scales.
                  | (AC +3) [demonic ancestry]
  9128 | D:8      | Reached XP level 9. HP: 55/66 MP: 8/10
  9893 | D:8      | Found an opulent altar of Gozag.
 10017 | D:8      | Found a broken altar of Ashenzari.
 10042 | D:8      | Found Itopravvo's Antique Armour Emporium.
 10062 | D:8      | Reached skill level 5 in Shields
 10575 | D:8      | Reached skill level 5 in Stealth
 10686 | D:9      | Reached skill level 5 in Short Blades
 10972 | D:9      | Noticed a boulder beetle
 11319 | D:7      | Killed Maggie
 11555 | D:9      | Reached ***** piety under Hepliaklqana
 11671 | D:9      | Found a shimmering altar of Xom.
 11925 | D:9      | Gained mutation: You sometimes emit foul miasma when
                  | damaged in melee. [demonic ancestry]
 11925 | D:9      | Reached XP level 10. HP: 63/74 MP: 9/11
 12008 | D:10     | Entered Level 10 of the Dungeon
 12139 | D:10     | Noticed a two-headed ogre
 12405 | D:10     | Identified the +10 whip of Trial by Ordeal {distort, rN+}
 12526 | D:10     | Found a blossoming altar of Fedhas.
 12613 | D:10     | Killed a two-headed ogre
 12929 | D:10     | Found a staircase to the Orcish Mines.
 13223 | D:10     | Noticed a centaur warrior
 13329 | D:11     | Noticed a cyclops
 13329 | D:11     | Noticed a gargoyle
 13333 | D:11     | Noticed a two-headed ogre
 13334 | D:11     | Noticed a boulder beetle
 13336 | D:11     | Killed a cyclops
 13338 | D:11     | Found a flickering gateway to a bazaar.
 13397 | Bazaar   | Entered a bazaar
 13405 | Bazaar   | Found Ohuseluo's Antique Armour Shop.
 13419 | Bazaar   | Found Zagiso's Antique Armour Boutique.
 13433 | Bazaar   | Found Faigydorr's Distillery.
 13447 | Bazaar   | Found Ret Kome's Weapon Boutique.
 13461 | Bazaar   | Found Enousoog's Magic Scroll Shop.
 13475 | Bazaar   | Found Bagiadgh's Weapon Boutique.
 13549 | Bazaar   | Bought a scroll of teleportation for 30 gold pieces
 13577 | Bazaar   | Bought a potion of heal wounds for 40 gold pieces
 13577 | Bazaar   | Bought a potion of cancellation for 64 gold pieces
 13577 | Bazaar   | Bought a potion of curing for 24 gold pieces
 13577 | Bazaar   | Bought a potion of curing for 24 gold pieces
 13577 | Bazaar   | Bought a potion of heal wounds for 40 gold pieces
 13605 | Bazaar   | Bought a scroll of identify for 20 gold pieces
 13605 | Bazaar   | Bought a scroll of identify for 20 gold pieces
 13605 | Bazaar   | Bought a scroll of identify for 20 gold pieces
 13605 | Bazaar   | Bought a scroll of identify for 20 gold pieces
 13710 | D:11     | Killed a boulder beetle
 13837 | D:11     | Reached skill level 1 in Invocations
 14054 | D:11     | Gained mutation: You frequently emit foul miasma when
                  | damaged in melee. [demonic ancestry]
 14054 | D:11     | Reached XP level 11. HP: 80/80 MP: 11/13
 14208 | D:11     | Killed a two-headed ogre
 14222 | D:11     | Reached skill level 5 in Invocations
 14407 | D:11     | Found an ornate altar of the Wu Jian Council.
 14737 | D:11     | Found a staircase to the Lair.
 14771 | D:11     | Noticed a two-headed ogre
 15399 | Lair:1   | Entered Level 1 of the Lair of Beasts
 15446 | Lair:1   | Slain by a black mamba

Illustrated notes

Levels and vault maps discovered:
D:1:      dpeg_arrival_three_smaller_balls, layout_basic,
          dreamdust_ecumenical_altar_angels_and_demons
D:2:      layout_rooms, basic_altar, serial_shops, nicolae_lakefront_shop,
          small_statue_intersection, lemuel_old_faithful
D:3:      layout_loops_corners, serial_shops, shop, minmay_misc_feat_alley
D:4:      layout_gridville, uniq_edmund
D:5:      layout_basic, minmay_temple_entry_tees, nrook_mini_backslash,
          uniq_prince_ribbit1
D:6:      layout_basic, chequers_temple_overflow_statue_of_worship, minivault_4,
          grunt_ministairs_7
D:7:      layout_loops_corners, mainiacjoe_overflow_tiny_flanked,
          gammafunk_ghost_cemetery, grunt_decor_arrowhead, uniq_maggie
D:8:      layout_basic, ashenzari_conservatory_becter,
          nicolae_elyvilon_temple_path,
          nicolae_gozag_cash_rules_everything_around_me,
          nicolae_tso_besieged_by_evil, serial_shops, shop, shop,
          nicolae_shop_stone, shop, nicolae_shop_bloodbath_and_beyond
D:9:      layout_loops_ring, xom_teletrap_fun, serial_park_tiny_1
D:10:     layout_long_grid, old_standard_altar, orc_0_dummy, wad_mini_maze
D:11:     layout_rooms, erik_lair_island, serial_shops, bzr_in_the_mist,
          minmay_misc_feat_roman, nicolae_wu_jian_immortal_techniques
D:12:     layout_grid_maze, uniq_josephine
Temple:   nicolae_temple_bog_church
Lair:1:   layout_regular_city, uniq_joseph

Skill      XL: |  1  2  3  4  5  6  7  8  9 10 11 |
---------------+----------------------------------+-----
Fighting       | 1 2 4 5 7 9 |  9.5
Short Blades   | 3 5 8 9 |  9.3
Stealth        | 4 6 8 |  8.8
Shields        | 1 5 |  5.0
Invocations    | 3 6 |  6.8
Long Blades    | |  2.6
Dodging        | |  1.0
Spellcasting   | |  1.0
Transmutations | |  1.0
Evocations     | |  3.0

Action                   |  1- 3 |  4- 6 |  7- 9 | 10-12 || total
-------------------------+-------+-------+-------+-------++-------
Melee: Long sword        |    71 |       |       |     4 ||    75
       Headbutt          |     3 |     7 |    42 |    33 ||    85
       Kick              |     4 |    11 |    45 |    44 ||   104
       Punch             |     2 |       |     4 |       ||     6
       Dagger            |     9 |    27 |    63 |   114 ||   213
       Flail             |       |     5 |   134 |    10 ||   149
Throw: Dart              |       |       |    26 |    10 ||    36
 Cast: Beastly Appendage |     4 |    11 |    45 |    19 ||    79
Invok: Recall Ancestor   |     3 |       |     1 |     4 ||     8
       Ancestor Identity |     1 |       |       |       ||     1
       Ancestor Life: He |     1 |       |       |       ||     1
Evoke: Wand              |       |       |     1 |    12 ||    13
  Use: Scroll            |     3 |     1 |     4 |     9 ||    17
       Potion            |       |     1 |       |       ||     1
 Stab: Sleeping          |     2 |       |     3 |     3 ||     8
       Distracted        |     1 |       |     2 |     2 ||     5
       Confused          |     2 |       |     6 |     3 ||    11
Armor: Leather armour    |    34 |    14 |    43 |       ||    91
       Robe              |       |       |    21 |    20 ||    41
Dodge: Dodged            |    70 |    34 |   110 |    62 ||   276
Block: Buckler           |       |       |    24 |    36 ||    60
